 Dungeon Crawl Stone Soup version 0.25-a0-310-g60f0ac2d9a (webtiles) character file.

Game seed: 12973556409364053219, levelgen mode: classic

43 Borgoz the Skirmisher (level 3, -2/34 HPs)
             Began as a Gargoyle Berserker on Dec 23, 2019.
             Was a Believer of Trog.
             Slain by a gnoll (5 damage)
             ... on level 2 of the Dungeon.
             The game lasted 00:01:15 (1258 turns).

Borgoz the Skirmisher (Gargoyle Berserker)          Turns: 1258, Time: 00:01:16

Health: -2/34      AC:  7    Str: 25    XL:     3   Next: 58%
Magic:  3/3        EV: 12    Int:  7    God:    Trog [**....]
Gold:   92         SH:  0    Dex: 10    Spells: 2/2 levels left

rFire    . . .     SeeInvis .   a - +0 hand axe
rCold    . . .     Gourm    .   (no shield)
rNeg     + . .     Faith    .   b - +0 animal skin
rPois    ∞         Spirit   .   (no helmet)
rElec    +         Reflect  .   e - +0 cloak
rCorr    .         Harm     .   h - +0 pair of gloves
MR       .....                  (no boots)
Stlth    ..........             (no amulet)
HPRegen  0.11/turn              (no ring)
MPRegen  0.08/turn              (no ring)

@: berserking, very quick
A: negative energy resistance 1, electricity resistance, unbreathing,
petrification resistance, rot immunity, AC +3
a: Berserk, Trog's Hand, Renounce Religion


You were on level 2 of the Dungeon.
You worshipped Trog.
Trog was pleased with you.
You were hungry.

You visited 1 branch of the dungeon, and saw 2 of its levels.

You collected 92 gold pieces.

Inventory:

Hand Weapons
 a - a +0 hand axe (weapon)
Armour
 b - a +0 animal skin (worn)
 e - a +0 cloak (worn)
 h - a +0 pair of gloves (worn)
Scrolls
 d - a scroll of noise {unknown}
 g - a scroll of fog {unknown}
Potions
 f - a potion of lignification {unknown}
Comestibles
 c - 2 rations
 i - 4 chunks of flesh


   Skills:
 - Level 3.2 Fighting
 + Level 3.2 Axes
 + Level 3.0 Armour
 + Level 2.2 Dodging


You had 2 spell levels left.
You didn't know any spells.
Your spell library was empty.

Dungeon Overview and Level Annotations

Branches:
Dungeon (2/15)

Altars:


Innate Abilities, Weirdness & Mutations

You are resistant to torment.
Your stone body is resilient. (AC +3)
You are immune to poison.
You resist negative energy. (rN+)
You are resistant to electric shocks. (rElec)
You can survive without breathing.
You are immune to petrification.
You are immune to rotting.


Message History

You are too injured to fight recklessly!
You are too injured to fight recklessly!
The gnoll hits you.
* * * LOW HITPOINT WARNING * * *
You see here a bat corpse.
You hit the gnoll but do no damage.
The gnoll is moderately wounded.
The gnoll hits you.
* * * LOW HITPOINT WARNING * * *
You hit the gnoll but do no damage.
The gnoll is moderately wounded.
The gnoll closely misses you.
You closely miss the gnoll.
The gnoll is moderately wounded.
The gnoll completely misses you.
A red film seems to cover your vision as you go berserk!
You feel yourself moving faster!
You feel mighty!
You are feeling hungry.
The gnoll hits you.
You die...

...#.#.# #..#.###.#
####.#.####.#..##.# #
#.#.##...##.##.# #
#.#.#..#..#..#.# #
#.#.....#.##.#.#
####.#.♣P♣.#.##.#.#
.....P.P♣♣P...#.#.####.#
..PP♣..P♣..............##
.P.♣♣PP.....#<..@.........
.P♣♣♣.P.P.#.#.#.g^########


PPP ...####)#..#..# #. .P#.# ##.#..# #...#.# #....# .#.#.# ##...# #. .. #...#
##..# #..# You could see a gnoll.

Vanquished Creatures
  An adder (D:2)
  2 dart slugs
  3 leopard geckos
  5 bats
  3 goblins
  3 hobgoblins
  2 jackals (D:1)
  A ball python (D:1)
  4 frilled lizards
  2 kobolds (D:1)
  2 rats
28 creatures vanquished.

Notes
Turn   | Place    | Note
-------+----------+-------------------------------------------
     0 | D:1      | Borgoz the Gargoyle Berserker began the quest for the Orb.
     0 | D:1      | Reached XP level 1. HP: 14/14 MP: 1/1
    66 | D:1      | Reached XP level 2. HP: 12/19 MP: 2/2
   996 | D:2      | Reached XP level 3. HP: 23/23 MP: 3/3
  1100 | D:2      | Reached ** piety under Trog
  1258 | D:2      | Slain by a gnoll

Levels and vault maps discovered:
D:1:      elethiomel_arrival_infinity_welcomes_careful_drivers,
          layout_loops_ring
D:2:      layout_basic, serial_forest, infiniplex_forest_straight_4,
          infiniplex_forest_straight_3, infiniplex_forest_clump_double,
          infiniplex_forest_lined_2, infiniplex_forest_straight_5,
          infiniplex_forest_lined_2, minmay_mini_jars

Skill      XL: |  1  2  3 |
---------------+----------+-----
Axes           | 3 |  3.2
Dodging        | 2 |  2.2
Armour         | 3 |  3.0
Fighting       | |  3.2

Action                   || total
-------------------------++-------
Melee: Hand axe          ||   112
Invok: Berserk           ||     2
  Eat: Chunk             ||     2
Armor: Animal skin       ||    60
Dodge: Dodged            ||    85

Table legend:
 A = Non-vault XP
 B = Vault XP
 C = Vault XP percentage of total XP
 D = Non-vault monster count
 E = Vault monster count
 F = Vault count percentage of total count
                 A         B        C        D         E       F
            +---------+---------+-------+---------+---------+-------
      Total |      62 |       0 |   0.0 |      28 |       0 |   0.0
            +---------+---------+-------+---------+---------+-------
        D:1 |      31 |       0 |   0.0 |      17 |       0 |   0.0
        D:2 |      31 |       0 |   0.0 |      11 |       0 |   0.0
            +---------+---------+-------+---------+---------+-------
